 Dungeon Crawl Stone Soup version 0.31-a0-162-gc4c5a43528 (webtiles) character file.

Game seed: 10987949902268732845

226 qw the Chopper (level 6, -2/38 HPs)
             Began as a Gargoyle Fighter on June 12, 2023.
             Slain by a killer bee (7 damage)
             ... on level 5 of the Dungeon.
             The game lasted 00:01:08 (2447 turns).

qw the Chopper (Gargoyle Fighter)                   Turns: 2447, Time: 00:01:09

Health: -2/38      AC: 18    Str: 21    XL:     6   Next: 1%
Magic:  0/6        EV:  7    Int:  9    God:
Gold:   169        SH:  4    Dex:  9    Spells: 5/5 levels left

rFire   . . .        Y - +0 war axe
rCold   . . .        c - +0 buckler
rNeg    + . .        o - +0 chain mail
rPois   inf          m - +0 helmet
rElec   +            g - +0 cloak
rCorr   .            r - +1 Delatra's gloves {ID++}
SInv    .            (no boots)
Will    .....        q - amulet of guardian spirit Stlth
                     (no ring)
HPRegen 0.26/turn    (no ring)
MPRegen 0.10/turn

%: guardian spirit
@: no status effects
A: sickness immunity, AC +4, negative energy resistance 1, electricity
resistance, torment resistance 1, petrification resistance
a: no special abilities


You were on level 5 of the Dungeon.
You visited 1 branch of the dungeon, and saw 5 of its levels.

You collected 169 gold pieces.


Innate Abilities, Weirdness & Mutations

You are immune to sickness and miasma.
Your stone body is resilient. (AC +4)
You are immune to poison.
You resist negative energy. (rN+)
You are resistant to electric shocks. (rElec)
You are resistant to unholy torment.
You are immune to petrification.


   Skills:
 - Level 4.3 Fighting
 + Level 5.0 Axes
 - Level 3.2 Armour
 - Level 3.2 Shields


You had 5 spell levels left.
You didn't know any spells.
Your spell library was empty.

Inventory:

Hand Weapons
 b - a +0 flail
 Y - a +0 war axe (weapon)
Missiles
 h - 2 boomerangs (quivered)
Armour
 c - a +0 buckler (worn)
 g - a +0 cloak (worn)
 m - a +0 helmet (worn)
 o - a +0 chain mail (worn)
 r - the +1 Delatra's gloves (worn) {ID++}
   (You found it on level 3 of the Dungeon)

   ID++:      It heals its wearer when they drink unknown potions, and restores
   their MP when they read unknown scrolls.
Jewellery
 f - a +5 ring of evasion
 l - a ring of fire
 q - an amulet of guardian spirit (around neck)
Scrolls
 a - a scroll of enchant armour {unknown}
 k - a scroll of identify
Potions
 d - 2 potions of might
 e - a potion of curing
 i - a potion of magic
 j - a potion of mutation
 n - a potion of resistance {unknown}
 p - a potion of berserk rage {unknown}

Dungeon Overview and Level Annotations

Branches:
Dungeon (5/15)             Temple (0/1) D:4

Altars:
Sif Muna

Annotations:
D:3 3 runed translucent doors, qw's ghost, amateur GrHu


Message History

The killer bee stings you but does no damage. x2
The killer bee stings you.
The killer bee stings you but does no damage.
The killer bee stings you. The killer bee closely misses you. x2
The killer bee stings you but does no damage.
You miss the killer bee.
The killer bee is lightly wounded.
You barely miss the killer bee. You miss the killer bee. x2
The killer bee stings you. The killer bee barely misses you.
The killer bee stings you but does no damage.
The killer bee closely misses you. The killer bee barely misses you.
The killer bee stings you but does no damage.
The killer bee stings you.
A killer bee comes into view.
The killer bee barely misses you.
The killer bee buzzes angrily.
You hit the killer bee but do no damage.
The killer bee is lightly wounded.
You hit the killer bee. You slash the killer bee!
You barely miss the killer bee.
The killer bee stings you but does no damage.
The killer bee stings you. You block the killer bee's attack.
The killer bee stings you but does no damage.
The killer bee barely misses you.
The killer bee stings you but does no damage.
The killer bee stings you.
The killer bee stings you but does no damage.
The killer bee stings you.
The killer bee stings you but does no damage.
The killer bee stings you.
The killer bee stings you but does no damage.
You closely miss the killer bee.
The killer bee is heavily wounded.
You hit the killer bee. You miss the killer bee.
You closely miss the killer bee. The killer bee stings you.
The killer bee stings you but does no damage.
The killer bee stings you! The killer bee barely misses you.
The killer bee stings you!
You die...

#.......#####.#.#####.
##.#....# #.###...##
#.##.#.#####.##.....#
#.##.........#.......
#......#######..._...
######.# ###.......
##..# ##.##.....#
#######yy.####..)##...##
.......@yy...'.)).#####+
#######y..####.)[......#
##..#####.......##
##...# ##.....## #....#
##.).## ##...# ##%##
##.## #.# #.# #.#
####.## ##.##


You could see 5 killer bees.

Vanquished Creatures
  A scorpion (D:5)
  2 sleepcaps (D:5)
  An orc wizard (D:3)
  2 adders
  A worm (D:3)
  A dart slug (D:1)
  8 orcs
  8 ball pythons
  5 bats
  5 endoplasms
  A giant cockroach (D:3)
  5 goblins
  A hobgoblin (D:2)
  5 jackals
  2 quokkas (D:1)
  5 frilled lizards
  A kobold (D:2)
  3 rats
57 creatures vanquished.

Notes
Turn   | Place    | Note
-------+----------+-------------------------------------------
     0 | D:1      | qw the Gargoyle Fighter began the quest for the Orb.
     0 | D:1      | Reached XP level 1. HP: 14/14 MP: 1/1
     0 | D:1      | 0 ||| qw: Version: 0.2-a-29-gc1b59c4
     0 | D:1      | 0 ||| qw: Game counter: 4420
     0 | D:1      | 0 ||| qw: Always use a shield: true
     0 | D:1      | 0 ||| qw: God list: Okawaru
     0 | D:1      | 0 ||| qw: Allow faded altars: false
     0 | D:1      | 0 ||| qw: Do Orc after D:15 true
     0 | D:1      | 0 ||| qw: Do second Lair branch before Depths: true
     0 | D:1      | 0 ||| qw: Lair rune preference: random
     0 | D:1      | 0 ||| qw: Plans: Normal, Zot:1-4, Slime:5, God:TSO, Crypt,
                  | Tomb, Abyss, Pan, Hells, Win
     0 | D:1      | 0 ||| PLANNING D:1-11
    43 | D:1      | Reached skill level 2 in Axes
   133 | D:1      | 133 ||| Stepping ~*~*~tactically~*~*~ (hiding).
   142 | D:1      | Reached XP level 2. HP: 19/19 MP: 2/2
   823 | D:1      | 823 ||| UPGRADING to +0 cloak.
   828 | D:1      | 828 ||| READING scroll labelled ZOSOWN KAST.
   829 | D:1      | 829 ||| READING scroll labelled CODDUL ZUXTYSS.
   832 | D:1      | 832 ||| READING scroll labelled WUZXUF ECATI.
   833 | D:1      | 833 ||| READING scroll labelled GUTHUVV IMOESO.
   834 | D:1      | 834 ||| DRINKING 2 clear potions.
   890 | D:2      | Reached skill level 3 in Axes
   916 | D:2      | Reached XP level 3. HP: 23/23 MP: 3/3
  1340 | D:2      | 1340 ||| UPGRADING to +0 helmet.
  1345 | D:2      | 1345 ||| READING scroll labelled LEFOIZ IRAES.
  1369 | D:3      | 1369 ||| STAIRDANCE
  1404 | D:3      | 1404 ||| STAIRDANCE
  1445 | D:3      | 1445 ||| STAIRDANCE
  1508 | D:3      | Reached XP level 4. HP: 23/28 MP: 4/4
  1542 | D:3      | 1542 ||| Stepping ~*~*~tactically~*~*~ (stealth).
  1559 | D:3      | Reached skill level 4 in Axes
  1567 | D:3      | Found a runed translucent gate.
  1568 | D:3      | Found a runed translucent gate.
  1569 | D:3      | Found a runed translucent gate.
  1633 | D:3      | 1633 ||| Stepping ~*~*~tactically~*~*~ (hiding).
  1637 | D:3      | 1637 ||| DRINKING 2 potions of curing.
  1637 | D:3      | 1637 ||| (to cure confusion)
  1737 | D:3      | 1737 ||| Stepping ~*~*~tactically~*~*~ (stealth).
  1786 | D:3      | Noticed qw's ghost (amateur GrHu)
  1928 | D:3      | Found the +1 Delatra's gloves {ID++}
  2033 | D:3      | 2033 ||| UPGRADING to +0 chain mail.
  2043 | D:3      | 2043 ||| DROPPING +0 scale mail.
  2044 | D:3      | 2044 ||| UPGRADING to +1 Delatra's gloves {ID++}.
  2049 | D:3      | 2049 ||| UPGRADING to amulet of guardian spirit.
  2054 | D:3      | 2054 ||| READING scroll labelled FIROSO YRCHUE.
  2055 | D:3      | 2055 ||| DRINKING 2 white potions.
  2056 | D:3      | 2056 ||| READING 3 scrolls of identify.
  2056 | D:3      | 2056 ||| IDENTIFYING sapphire potion
  2057 | D:3      | 2057 ||| READING 2 scrolls of identify.
  2057 | D:3      | 2057 ||| IDENTIFYING brown potion
  2058 | D:3      | 2058 ||| DROPPING potion of brilliance.
  2062 | D:4      | Found a staircase to the Ecumenical Temple.
  2063 | D:4      | 2063 ||| PLANNING TEMPLE
  2063 | D:4      | 2063 ||| STAIRDANCE
  2073 | D:4      | You fall into a shaft and drop 1 floor!
  2073 | D:5      | Entered Level 5 of the Dungeon
  2074 | D:5      | 2074 ||| PLANNING SEWER
  2109 | D:5      | Reached XP level 5. HP: 18/32 MP: 2/5
  2191 | D:5      | Found a shimmering blue altar of Sif Muna.
  2293 | D:5      | Reached skill level 5 in Axes
  2347 | D:5      | Reached XP level 6. HP: 21/38 MP: 3/6
  2412 | D:5      | 2412 ||| DROPPING +0 mace.
  2447 | D:5      | HP: 5/38 [killer bee (5)]
  2447 | D:5      | Slain by a killer bee

Levels and vault maps discovered:
D:1:      saegor_arrival_under_anarchy, layout_basic, minmay_pentomino_v2
D:2:      layout_rooms, serial_bayou_ford_a, lightli_corner_chamber
D:3:      layout_rooms, gammafunk_ghost_icy, pf_guarded_unrand_delatra
D:4:      layout_cave_pools, minmay_temple_entry_statues_fountains,
          ebering_ghost_sewer_d, uniq_duvessa
D:5:      layout_loops_corners, lemuel_round_altar,
          cheibrodos_sewer_entry_drain, minmay_manual_mares

Skill      XL: |  1  2  3  4  5 |
---------------+----------------+-----
Axes           | 2 3 4 5 |  5.0
Fighting       | 4 |  4.3
Armour         | |  3.2
Shields        | |  3.2

Action                     |  1- 3 |  4- 6 || total
---------------------------+-------+-------++-------
  Melee: War axe           |    72 |    92 ||   164
  Throw: Boomerang         |    33 |    25 ||    58
    Use: Scroll            |     5 |     3 ||     8
         Potion            |     1 |     2 ||     3
 Armour: Scale mail        |    56 |    37 ||    93
         Chain mail        |       |    41 ||    41
  Dodge: Dodged            |    46 |    38 ||    84
  Block: Buckler           |    20 |    23 ||    43

Table legend:
 A = Non-vault XP
 B = Vault XP
 C = Vault XP percentage of total XP
 D = Non-vault monster count
 E = Vault monster count
 F = Vault count percentage of total count
                 A         B        C        D         E       F
            +---------+---------+-------+---------+---------+-------
      Total |     277 |      46 |  14.2 |      52 |       5 |   8.8
            +---------+---------+-------+---------+---------+-------
        D:1 |      26 |       2 |   7.1 |      14 |       1 |   6.7
        D:2 |      35 |       3 |   7.9 |      15 |       1 |   6.2
        D:3 |      40 |      41 |  50.6 |      15 |       3 |  16.7
        D:5 |     176 |       0 |   0.0 |       8 |       0 |   0.0
            +---------+---------+-------+---------+---------+-------
